 Dungeon Crawl Stone Soup version 0.30.1-4-g462c640d31 (webtiles) character file.

Game seed: 5497496767155623048

56022 Zeor the Warrior (level 14, -8/102 HPs)
             Began as a Gargoyle Gladiator on Aug 22, 2023.
             Was a High Priest of Okawaru.
             Mangled by an enormous slime creature (66 damage)
             ... on level 13 of the Dungeon on Aug 23, 2023.
             The game lasted 01:15:48 (17691 turns).

Zeor the Warrior (Gargoyle Gladiator)              Turns: 17691, Time: 01:15:49

Health: -8/102     AC: 36    Str: 20    XL:     14   Next: 79%
Magic:  21/21      EV: 23    Int: 10    God:    Okawaru [*****.]
Gold:   126        SH:  0    Dex: 19    Spells: 13/13 levels left

rFire   . . .        a - +4 lajatang (spect)
rCold   + + .        (shield currently unavailable)
rNeg    + . .        I - +2 plate armour {rC+}
rPois   ∞            U - +1 helmet "Visekk" {rElec Dex+6}
rElec   +            x - +1 cloak
rCorr   .            f - +1 pair of gloves
SInv    +            l - +1 pair of boots
Will    +++..        Y - amulet "Beumapoc" {Acrobat Rampage rC+ Will+} Stlth
                     g - ring of willpower
HPRegen 0.37/turn    z - ring of see invisible
MPRegen 0.17/turn

%: acrobat, rampage
@: acrobatic, flying
A: sickness immunity, AC +10, big wings, negative energy resistance 1,
electricity resistance, torment resistance 1, petrification resistance
a: Renounce Religion, Heroism, Finesse, Duel


You were on level 13 of the Dungeon.
You worshipped Okawaru.
Okawaru was extremely pleased with you.
You visited 4 branches of the dungeon, and saw 21 of its levels.
You also visited: Bailey.

You collected 1697 gold pieces.
You spent 1571 gold pieces at shops.

Inventory:

Hand Weapons
 a - a +4 spectral lajatang (weapon)
 b - the +5 arbalest of Purpose {antimagic, rElec Will- rCorr Stlth+}
   (You found it on level 9 of the Dungeon)

   rElec:     It insulates you from electricity.
   rCorr:     It protects you from acid and corrosion.
   Will:      It decreases your willpower.
   Stlth:     It makes you more stealthy.
 i - a +3 lajatang of chaos
 D - the +8 long sword "Hydrabane" {freeze, *Slow rPois Will+++ Stlth+}
   (You found it on level 4 of the Lair of Beasts)

   rPois:     It protects you from poison.
   *Slow:     It may slow you when you take damage.
   Will:      It greatly increases your willpower.
   Stlth:     It makes you more stealthy.
 L - the +3 glaive of Outrage {flame, Fly rCorr Int-2 Stlth-}
   (You bought it in a shop on level 2 of the Orcish Mines)

   Int:       It affects your intelligence (-2).
   Fly:       It grants you flight.
   rCorr:     It protects you from acid and corrosion.
   Stlth:     It makes you less stealthy.
Missiles
 p - 40 poisoned darts
 s - 3 curare-tipped darts
 w - a javelin
 R - a throwing net
 V - 14 boomerangs (quivered)
Armour
 f - a +1 pair of gloves (worn)
 l - a +1 pair of boots (worn)
 o - the +1 leather armour of Midnight {rF++}
   (You found it on level 2 of the Dungeon)

   rF:        It greatly protects you from fire.
 x - a +1 cloak (worn)
 I - a +2 plate armour of cold resistance (worn)
 U - the +1 helmet "Visekk" (worn) {rElec Dex+6}
   (Okawaru gifted it to you on level 5 of the Lair of Beasts)

   Dex:       It affects your dexterity (+6).
   rElec:     It insulates you from electricity.
Jewellery
 g - a ring of willpower (left hand)
 u - a ring of willpower
 z - a ring of see invisible (right hand)
 C - a ring of ice
 P - a ring of protection from fire
 Q - a +4 ring of protection
 Y - the amulet "Beumapoc" (around neck) {Acrobat Rampage rC+ Will+}
   (You bought it in a shop on level 2 of the Dungeon)

   [amulet of the acrobat]

   It increases your evasion while moving and waiting.
   rC:        It protects you from cold.
   Rampage:   It bestows one free step when moving towards enemies.
   Will:      It increases your willpower.
Wands
 c - a wand of polymorph (1)
 k - a wand of paralysis (20)
 B - a wand of iceblast (9)
 K - a wand of flame (13)
 O - a wand of digging (6)
 S - a wand of mindburst (10)
Scrolls
 h - 12 scrolls of teleportation
 j - 7 scrolls of fear
 q - 3 scrolls of magic mapping
 r - 6 scrolls of fog
 y - 2 scrolls of blinking
 E - 4 scrolls of poison
 H - a scroll of immolation
Potions
 d - 4 potions of cancellation
 e - 6 potions of berserk rage
 m - 2 potions of ambrosia
 n - 10 potions of curing
 t - 4 potions of flight
 v - 4 potions of invisibility
 A - a potion of attraction
 F - 2 potions of heal wounds
 G - 3 potions of might
 J - a potion of resistance
 M - 4 potions of brilliance
 T - a potion of haste


   Skills:
 + Level 17.0 Fighting
 + Level 3.8 Long Blades
 - Level 15.0 Staves
 * Level 6.9 Throwing
 + Level 9.6 Armour
 + Level 4.5 Dodging
 + Level 5.8 Stealth
 * Level 10.5 Invocations
 + Level 0.7 Evocations


You had 13 spell levels left.
You didn't know any spells.
Your spell library contained the following spells:

 Spells                   Type           Power      Damage    Failure   Level
 Magic Dart               Conj           0%         1d3       100%        1
 Shock                    Conj/Air       0%         1d3       100%        1
 Ensorcelled Hibernation  Hex/Ice        0%         N/A       100%        2
 Searing Ray              Conj           0%         2d4       100%        2
 Static Discharge         Conj/Air       0%         2-2/arc   100%        2
 Portal Projectile        Hex/Tloc       0%         N/A       100%        3
 Swiftness                Air            0%         N/A       100%        3
 Airstrike                Air            0%         2d(0-16)  100%        4
 Fulminant Prism          Conj/Hex       0%         3d5       100%        4
 Blade Hands              Tmut           0%         N/A       100%        5
 Fireball                 Conj/Fire      0%         3d3       100%        5
 Iskenderun's Battlesphe  Conj           0%         2d6       100%        5
 Metabolic Englaciation   Hex/Ice        0%         N/A       100%        5
 Conjure Ball Lightning   Conj/Air       0%         3x3d6     100%        6
 Starburst                Conj/Fire      0%         6d3       100%        6
 Orb of Destruction       Conj           0%         9d5       100%        7
 Tukima's Dance           Hex            Unusable   N/A       N/A         3
 Summon Lightning Spire   Summ/Air       Unusable   N/A       N/A         4

Dungeon Overview and Level Annotations

Branches:
Dungeon (13/15)            Temple (1/1) D:4            Lair (5/5) D:11
 Shoals (0/4) Lair:2       Spider (0/4) Lair:2        Slime (0/5) Lair:4
    Orc (2/2) D:12            Elf (0/3) Orc:2        Bailey (visited)
 Vaults: D:13-14

Altars:
Ashenzari
Cheibriados
Dithmenos
Elyvilon
Fedhas
Gozag
Hepliaklqana
Kikubaaqudgha
Makhleb
Nemelex Xobeh
Okawaru
Qazlal
Ru
Sif Muna
Trog
Uskayaw
Vehumet
Wu Jian
Xom
Yredelemnul
Zin
The Shining One
Jiyva

Shops:
D:2 =   D:5 =   Orc:1 :   Orc:2 (**(=

Annotations:
D:12 1 runed translucent door, wingedge's ghost, novice DgWn
Lair:5 2 runed translucent doors
Orc:1 2 transporters


Innate Abilities, Weirdness & Mutations

You are immune to sickness and miasma.
Your stone body is resilient. (AC +10)
You are immune to poison.
Your large and strong wings let you fly.
You resist negative energy. (rN+)
You are resistant to electric shocks. (rElec)
You are resistant to unholy torment.
You are immune to petrification.


Message History

Aiming: Polymorph
Press: ? - help, Shift-Dir - straight line, f/p - enormous slime creature
Aim: an enormous slime creature (lightly wounded, will probably split, will become a water nymph, a skyshark, or a broodmother, chance to affect: 32%)
The enormous slime creature easily resists.
An enormous slime creature splits.
The large slime creature attacks as you move away!
The large slime creature hits you.
The large slime creature completely misses you.
The large slime creature attacks as you move away!
The large slime creature completely misses you.
A large slime creature splits.
You slash the large slime creature!
The large slime creature is lightly wounded.
Your +4 spectral lajatang barely misses the large slime creature.
The large slime creature hits you but does no damage.
You slash the large slime creature!
The large slime creature is lightly wounded.
Your +4 spectral lajatang hits the large slime creature!
Two slime creatures merge to form a very large slime creature.
You slice the very large slime creature!!
The very large slime creature is moderately wounded.
Your +4 spectral lajatang hits the very large slime creature but does no damage.
You slash the very large slime creature!
The very large slime creature is moderately wounded.
Your +4 spectral lajatang hits the very large slime creature!
You slice the very large slime creature!!
The very large slime creature is heavily wounded.
Your +4 spectral lajatang hits the very large slime creature!!
Two slime creatures merge to form an enormous slime creature.
You swap places.
Your +4 spectral lajatang disappears.
The enormous slime creature attacks as you move away!
The enormous slime creature completely misses you.
You see here a potion of magic.
The enormous slime creature attacks as you move away!
The enormous slime creature completely misses you.
The enormous slime creature attacks as you move away!
The enormous slime creature hits you!!!
Ouch! That really hurt!
You die...

▒∙▒▒ ▒≈≈≈∙▒▒∙▒∙∙ ▒∙∙▒
▒▒≈∙∙▒∙▒∙≈▒ ▒▒∙▒
▒▒▒▒▒∙∙▒∙∙▒▒~≈▒ ▒ ▒∙▒
▒∙∙∙∙∙∙∙∙∙∙~≈▒
∙∙∙∙▒▒▒▒∙▒▒▒
▒∙∙∙∙∙∙∙≈∙∙≈∙▒
▒∙∙∙∙∙∙∙∙▒
▒∙∙∙∙∙∙∙≈∙∙∙▒▒▒
▒▒▒▒▒▒▒▒∙▒▒
▒∙∙∙∙∙∙∙≈≈∙∙~≈≈
▒∙∙▒▒▒▒▒∙∙∙∙∙∙<∙≈∙∙≈∙∙
▒∙∙∙J9∙∙∙∙∙∙∙∙∙∙≈≈∙≈▒▒
▒∙▒▒▒▒▒▒∙∙∙∙∙∙∙∙∙≈≈∙▒
▒∙▒ ▒▒▒▒▒∙▒▒▒∙∙~▒▒ ▒∙▒
▒∙▒ ▒▒∙∙▒ ▒∙▒ ▒∙▒ ▒▒▒▒
▒■▒ ▒∙


You could see an enormous slime creature.

Vanquished Creatures
  Rupert (Lair:3)
  Snorg (Lair:3)
  3 hydras
  4 two-headed ogres
  2 tengu warriors (D:13)
  A boulder beetle (D:12)
  3 orc high priests (Orc:2)
  Sonja (D:12)
  5 orc knights (Orc:2)
  A lindwurm (Lair:5)
  2 manticores
  6 orc sorcerers
  2 cyclopes
  3 elephants (Lair:3)
  An ugly thing (D:10)
  6 black mambas (Lair:5)
  A gargoyle (D:12)
  A torpor snail (Lair:5)
  2 molten gargoyles (Lair:5)
  7 cane toads
  An unseen horror (D:10)
  A kobold demonologist (D:12)
  3 rime drakes
  14 komodo dragons
  5 trolls
  Grinder (D:3)
  A wind drake (Lair:2)
  A hornet (D:10)
  8 blink frogs
  3 polar bears
  4 slime creatures (D:13)
  A shadow (D:11)
  42 yaks
  A vampire (D:11)
  3 wraiths
  6 spriggans
  9 basilisks
  9 wyverns
  2 steam dragons
  A redback (Lair:2)
  6 vampire mosquitoes
  2 wargs (Orc:2)
  Menkaure (D:7)
  16 water moccasins
  5 hell hounds (Lair:5)
  2 ice beasts
  21 orc warriors
  4 black bears
  3 sky beasts
  10 ogres
  14 wolves
  3 centaurs
  14 bullfrogs
  2 kobold brigands
  A gnoll sergeant (D:8)
  4 scorpions
  16 wights
  A water moccasin zombie (D:4)
  10 killer bees
  A howler monkey (D:11)
  5 lava snakes (Lair:5)
  6 hounds
  4 jellies
  27 orc priests
  A gnoll bouda (D:8)
  6 iguanas
  23 orc wizards
  A hound zombie (D:4)
  6 gnolls (D:8)
  9 adders
  A shadow imp (D:5)
  An ufetubus (D:4)
  A worm (D:7)
  2 dart slugs (D:3)
  77 orcs
  8 ball pythons
  12 endoplasms
  2 giant cockroaches
  14 goblins
  9 hobgoblins
  10 quokkas
  10 bats
  2 frilled lizards (D:3)
  14 kobolds
  7 rats
563 creatures vanquished.

Vanquished Creatures (others)
  4 spectral weapons
4 creatures vanquished.

Grand Total: 567 creatures vanquished

Notes
Turn   | Place    | Note
-------+----------+-------------------------------------------
     0 | D:1      | Zeor the Gargoyle Gladiator began the quest for the Orb.
     0 | D:1      | Reached XP level 1. HP: 12/12 MP: 1/1
   148 | D:1      | Reached XP level 2. HP: 18/18 MP: 2/2
   163 | D:1      | Found a faded altar of an unknown god.
   440 | D:1      | Reached XP level 3. HP: 18/22 MP: 3/3
   780 | D:2      | Found Fivvied's Jewellery Shoppe.
  1186 | D:2      | Identified a scroll of acquirement
  1186 | D:2      | Acquired a manual of Fighting
  1266 | D:2      | Identified the +1 leather armour of Midnight {rF++}
  1382 | D:3      | Noticed Grinder
  1384 | D:3      | Paralysed by Grinder for 3 turns
  1405 | D:3      | Killed Grinder
  1406 | D:3      | Reached skill level 3 in Fighting
  1406 | D:3      | Reached skill level 5 in Staves
  1406 | D:3      | Reached skill level 1 in Armour
  1406 | D:3      | Reached XP level 4. HP: 27/28 MP: 4/4
  1406 | D:3      | Reached XP level 5. HP: 30/32 MP: 5/5
  1406 | D:3      | Reached XP level 6. HP: 35/37 MP: 6/6
  1603 | D:3      | Reached skill level 4 in Fighting
  2380 | D:4      | Reached XP level 7. HP: 42/44 MP: 7/7
  2411 | D:4      | Found a burning altar of Makhleb.
  2548 | D:4      | Identified the +3 leather armour "Damnable Contraption"
                  | {Dex+4}
  2596 | D:4      | Found a staircase to the Ecumenical Temple.
  2606 | Temple   | Entered the Ecumenical Temple
  2689 | Temple   | Became a worshipper of Warmaster Okawaru
  3063 | D:4      | Reached skill level 5 in Fighting
  3072 | D:4      | Found a basalt altar of Yredelemnul.
  3229 | D:5      | Entered Level 5 of the Dungeon
  3236 | D:5      | Found a bloodstained altar of Trog.
  3305 | D:5      | Found a white marble altar of Elyvilon.
  3421 | D:5      | Found Kuteos's Jewellery Boutique.
  3541 | D:5      | Reached skill level 1 in Stealth
  3541 | D:5      | Reached XP level 8. HP: 49/49 MP: 8/8
  3549 | D:5      | Reached * piety under Okawaru
  3550 | D:5      | Reached skill level 1 in Invocations
  4359 | D:6      | Found a radiant altar of Vehumet.
  4446 | D:6      | Reached skill level 6 in Fighting
  4504 | D:6      | Found a hide-covered altar of Uskayaw.
  5000 | D:7      | Found an ancient bone altar of Kikubaaqudgha.
  5012 | D:7      | Reached skill level 7 in Fighting
  5012 | D:7      | Reached XP level 9. HP: 57/57 MP: 11/11
  5147 | D:7      | Reached ** piety under Okawaru
  5355 | D:7      | Noticed Menkaure
  5377 | D:7      | Killed Menkaure
  5378 | D:7      | Reached skill level 8 in Fighting
  5537 | D:7      | Reached skill level 10 in Staves
  5550 | D:7      | Reached *** piety under Okawaru
  5553 | D:7      | Reached skill level 9 in Fighting
  5837 | D:7      | Found a snail-covered altar of Cheibriados.
  5998 | D:8      | Reached XP level 10. HP: 66/66 MP: 13/13
  6070 | D:8      | Found a flagged portal.
  6156 | D:8      | Found a shimmering altar of Xom.
  6221 | Bailey   | Entered a bailey
  6272 | Bailey   | Reached **** piety under Okawaru
  6365 | Bailey   | Noticed a two-headed ogre
  6384 | Bailey   | Killed a two-headed ogre
  6385 | Bailey   | Reached skill level 10 in Fighting
  6389 | Bailey   | Reached ***** piety under Okawaru
  6390 | Bailey   | Reached skill level 5 in Invocations
  6517 | D:8      | Reached skill level 11 in Fighting
  6517 | D:8      | Reached XP level 11. HP: 38/74 MP: 13/15
  6763 | D:8      | Received a gift from Okawaru
  7095 | D:8      | Identified the +2 scale mail "Japseq" {rElec Int+3}
  7271 | D:9      | Found a glowing golden altar of the Shining One.
  7379 | D:9      | Noticed a two-headed ogre
  7385 | D:9      | Killed a two-headed ogre
  7446 | D:9      | Found a sacrificial altar of Ru.
  7614 | D:9      | Identified the +5 arbalest of Purpose {antimagic, rElec
                  | Will- rCorr Stlth+}
  7787 | D:9      | Reached skill level 12 in Fighting
  7998 | D:10     | Entered Level 10 of the Dungeon
  8070 | D:10     | Noticed a brown ugly thing
  8080 | D:10     | Killed a brown ugly thing
  8209 | D:10     | Noticed a two-headed ogre
  8215 | D:10     | Killed a two-headed ogre
  8249 | D:10     | Found a glowing silver altar of Zin.
  8505 | D:10     | Found a blossoming altar of Fedhas.
  8761 | D:10     | Found a sparkling altar of Nemelex Xobeh.
  8956 | D:11     | Noticed a two-headed ogre
  8963 | D:11     | Killed a two-headed ogre
  9018 | D:11     | Found a staircase to the Lair.
  9027 | D:11     | Reached XP level 12. HP: 82/82 MP: 16/16
  9055 | D:11     | Reached ****** piety under Okawaru
  9058 | D:11     | Reached skill level 13 in Fighting
  9103 | D:11     | Received a gift from Okawaru
  9319 | D:11     | Identified the +9 short sword of the Firefly {protect,
                  | Drain rC+ Int+5 Dex+3}
  9597 | Lair:1   | Entered Level 1 of the Lair of Beasts
  9642 | Lair:1   | Identified the +0 ring mail of the Orb Guardian {Int+2}
 10355 | Lair:2   | Reached skill level 5 in Armour
 10368 | Lair:2   | Noticed a five-headed hydra
 10374 | Lair:2   | Killed a one-headed hydra
 10424 | Lair:2   | Found a staircase to the Shoals.
 10434 | Lair:2   | Reached skill level 14 in Fighting
 10563 | Lair:2   | Received a gift from Okawaru
 10593 | Lair:2   | Reached skill level 1 in Long Blades
 10772 | Lair:2   | Reached skill level 15 in Staves
 11042 | Lair:2   | Found a hole to the Spider Nest.
 11496 | Lair:3   | Reached XP level 13. HP: 88/91 MP: 19/19
 11694 | Lair:3   | Noticed Snorg
 11708 | Lair:3   | Killed Snorg
 11769 | Lair:3   | Received a gift from Okawaru
 11821 | Lair:3   | Noticed Rupert
 11833 | Lair:3   | Killed Rupert
 11834 | Lair:3   | Reached skill level 15 in Fighting
 12301 | Lair:4   | Found a runed translucent door.
 12303 | Lair:4   | Found a viscous altar of Jiyva.
 12305 | Lair:4   | Found a staircase to the Slime Pits.
 12359 | Lair:4   | Identified the +3 broad axe of a Gauntlet {protect, Will+}
 12398 | Lair:4   | Reached skill level 5 in Stealth
 12541 | Lair:4   | Identified the +8 long sword "Hydrabane" {freeze, *Slow
                  | rPois Will+++ Stlth+}
 12968 | Lair:5   | Entered Level 5 of the Lair of Beasts
 13041 | Lair:5   | Received a gift from Okawaru
 13124 | Lair:5   | Reached skill level 5 in Throwing
 13130 | Lair:5   | Received a gift from Okawaru
 13258 | Lair:5   | Got Vv's Parchment of White Fire
 13292 | Lair:5   | Identified the +1 helmet "Visekk" {rElec Dex+6} (Okawaru
                  | gifted it to you on level 5 of the Lair of Beasts)
 13292 | Lair:5   | Received a gift from Okawaru
 13293 | Lair:5   | Reached skill level 16 in Fighting
 13458 | Lair:5   | Gained mutation: Your large and strong wings let you fly.
                  | [Gargoyle growth]
 13458 | Lair:5   | Reached XP level 14. HP: 92/100 MP: 21/21
 13882 | Lair:5   | Found a large runed translucent door.
 13882 | Lair:5   | Found a large runed translucent door.
 14227 | D:12     | Noticed Sonja
 14242 | D:12     | Killed Sonja
 14393 | D:12     | Identified the +2 leather armour of Xom's Esteem {Dex+4
                  | Slay+5 Stlth+}
 14631 | D:2      | Bought the amulet "Beumapoc" {Acrobat Rampage rC+ Will+}
                  | for 595 gold pieces
 14957 | D:12     | Found a runed translucent door.
 14957 | D:12     | Noticed wingedge's ghost (novice DgWn)
 15090 | D:12     | Found a staircase to the Orcish Mines.
 15379 | Orc:1    | Entered Level 1 of the Orcish Mines
 15390 | Orc:1    | Noticed a walking earthen tome
 15404 | Orc:1    | Found Inlubimi's Book Shoppe.
 15409 | Orc:1    | Noticed a walking frostbound tome
 15594 | Orc:1    | Found a transporter.
 15599 | Orc:1    | Found a transporter.
 15605 | Orc:1    | Noticed a stone giant
 15607 | Orc:1    | Noticed an orc warlord
 15835 | Orc:1    | Reached skill level 10 in Invocations
 16054 | Orc:2    | Entered Level 2 of the Orcish Mines
 16062 | Orc:2    | Found a staircase to the Elven Halls.
 16174 | Orc:2    | Found Ajuocru's Antique Weapon Shop.
 16557 | Orc:2    | Found Ceziod's Jewellery Boutique.
 16884 | Orc:2    | Received a gift from Okawaru
 17075 | Orc:2    | Found Lyxezxi's Antique Weapon Emporium.
 17083 | Orc:2    | Bought a runed lajatang for 540 gold pieces
 17083 | Orc:2    | Found Biopp's General Store.
 17086 | Orc:2    | Found Igimp's Assorted Antiques.
 17092 | Orc:2    | Bought a scroll of brand weapon for 114 gold pieces
 17280 | Orc:2    | Bought an ancient glaive for 322 gold pieces
 17280 | Orc:2    | Identified the +3 glaive of Outrage {flame, Fly rCorr Int-2
                  | Stlth-} (You bought it in a shop on level 2 of the Orcish
                  | Mines)
 17570 | D:13     | Reached skill level 17 in Fighting
 17691 | D:13     | Mangled by an enormous slime creature

Illustrated notes

Levels and vault maps discovered:
D:1:      scummos_arrival_checkerplants, layout_rooms, basic_ecumenical_altar,
          minmay_3d_cube
D:2:      layout_basic, serial_shops, shop
D:3:      minmay_skewed_foursquare, layout_basic, uniq_grinder
D:4:      layout_rooms, lemuel_zombie_altar_yredelemnul,
          overflow_temple_1_default, minmay_temple_entry_proselytizer,
          serial_bayou, serial_bayou_lagoon_b, serial_bayou_pond_c,
          serial_bayou_shore_a, serial_bayou_pond_a, serial_bayou_pond_d,
          minmay_goblin_kobold_house
D:5:      layout_basic, mainiacjoe_overflow_surrounded_room,
          nicolae_elyvilon_temple_path, serial_shops, nicolae_take_the_stairs
D:6:      layout_loops_ring, eat_drink_and_be_merry_uskayaw,
          general_overflow_altar
D:7:      layout_basic, slow_altar_2, lemuel_round_altar, uniq_menkaure,
          uniq_duvessa
D:8:      layout_basic, mainiacjoe_overflow_boulevard, enter_bailey_3,
          skrybe_limestone_x, minmay_misc_feat_chi, grunt_potential
D:9:      layout_irregular_city, mainiacjoe_overflow_brackets,
          nicolae_ru_the_path_less_chosen
D:10:     layout_gridville, mainiacjoe_overflow_catwalk, zin_academy,
          mainiacjoe_overflow_alcove_1
D:11:     layout_cross, minmay_lair_entry_grove, kennysheep_generic_room_16
D:12:     layout_cave_pools, david_orc_4, ebering_ghost_inner_flame, uniq_sonja
D:13:     layout_roguey, serial_rivers, chequers_serial_rivers_small_b,
          chequers_serial_rivers_micro_c, chequers_serial_rivers_room_b,
          chequers_serial_rivers_marsh, chequers_serial_rivers_marsh,
          chequers_serial_rivers_micro_b
Temple:   nicolae_temple_colour_theory
Lair:1:   layout_regular_city, infiniplex_staircase_pool_2, serial_bayou_shore_b
Lair:2:   layout_chaotic_city, minmay_shoals_entry_beasts,
          spider_nest_entry_rubble, forest_entry_grove, lemuel_fruit_tree
Lair:3:   layout_hall_layers, grunt_megastairs_2, uniq_snorg, uniq_rupert
Lair:4:   layout_roguey, slime_entry_2
Lair:5:   cheibrodos_lair_end_hotspot, layout_misc_corridors
Orc:1:    gammafunk_beogh_shrine, layout_caves, serial_shops,
          nicolae_shop_mannequins
Orc:2:    st_orc_elflike, layout_caves, basic_altar, serial_shops, shop

Skill      XL: |  1  2  3  4  5  6  7  8  9 10 11 12 13 14 |
---------------+-------------------------------------------+-----
Staves         | 5 6 7 9 10 12 14 15 | 15.0
Fighting       | 3 4 5 7 9 11 12 14 16 17 | 17.0
Throwing       | 2 3 5 6 |  6.9
Armour         | 1 2 3 4 6 7 9 |  9.6
Dodging        | 3 4 |  4.5
Stealth        | 1 2 3 4 5 |  5.8
Invocations    | 3 4 5 6 8 9 10 | 10.5
Long Blades    | 2 3 |  3.8
Evocations     | |  0.7

Action                     |  1- 3 |  4- 6 |  7- 9 | 10-12 | 13-15 || total
---------------------------+-------+-------+-------+-------+-------++-------
  Melee: Quarterstaff      |   122 |   111 |   385 |   163 |       ||   781
         Lajatang          |       |       |       |   253 |   553 ||   806
         Great sword       |       |       |       |     5 |    10 ||    15
  Throw: Javelin           |     2 |       |     1 |     1 |     2 ||     6
         Throwing net      |     1 |       |       |     2 |     1 ||     4
         Dart              |       |       |     5 |    10 |       ||    15
         Boomerang         |       |       |       |       |    40 ||    40
 Invoke: Heroism           |       |       |       |     2 |     5 ||     7
         Finesse           |       |       |       |     1 |     2 ||     3
  Evoke: Wand              |       |       |       |     1 |     2 ||     3
    Use: Scroll            |    10 |       |    11 |    16 |     7 ||    44
         Potion            |       |       |     1 |       |     1 ||     2
   Stab: Held in net/web   |     1 |       |       |     3 |       ||     4
         Sleeping          |       |       |     2 |       |       ||     2
         Distracted        |       |       |       |     5 |     5 ||    10
         Confused          |       |       |       |     1 |       ||     1
 Armour: Leather armour    |    45 |    40 |   121 |    58 |       ||   264
         Chain mail        |       |    11 |    26 |       |       ||    37
         Plate armour      |       |       |       |   191 |   306 ||   497
  Dodge: Dodged            |    77 |    66 |   160 |   163 |   169 ||   635
